AoeStats
← Shredded_Pork

Black Forest

506327008Analyzed
4v4 RM · 19d ago on Sep 13, 2026· 64m 24s· 8 players
Game mode
Random Map
Map size
Large (8 player)
Population
200
Speed
Normal
Resources
Standard
Victory
Conquest
Starting age
Dark Age
Ending age
Imperial Age
RankedLock teamsTeams togetherTeam positionsShared explorationLock speedFull tech treeHidden civsTurbo modeCheats
Victory
Defeat
🇹🇼 Poles · Taiwan
826
+11
🇹🇷 Bulgarians · Türkiye
766
+14
🇹🇷 Portuguese · Türkiye
763
+14
761
+14
🇨🇳 Bohemians · China
763
-15
🇮🇳 Vietnamese · India
727
-14
🇨🇳 Franks · China
687
-16
🇨🇳 Persians · China
675
-12
lollychampion
12:20 Feudal Age
13:38 Wheelbarrow
12:49 Town Watch
12:56 Double-Bit Axe
12:57 Horse Collar
22:03 Castle Age
20:40 Forging
20:21 Fletching
20:27 Gold Mining
20:30 Stone Mining
23:02 Hand Cart
23:12 Squires
23:32 Bow Saw
23:59 Caravan
24:55 Heavy Plow
24:58 Crossbowman
27:59 Bodkin Arrow
28:42 Iron Casting
27:41 Pikeman
28:25 Treadmill Crane
34:18 Imperial Age
34:33 Arbalester
36:36 Bracer
38:39 Chemistry
38:01 Ballistics
38:49 Murder Holes
38:33 Elite Skirmisher
40:42 Stone Shaft Mining
39:32 Halberdier
41:00 Crop Rotation
42:44 Imperial Skirmisher
Shredded_Pork
11:00 Feudal Age
11:47 Double-Bit Axe
11:52 Horse Collar
20:44 Castle Age
22:14 Bow Saw
22:08 Heavy Plow
31:12 Imperial Age
30:12 Ballistics
30:53 Chemistry
31:03 Wheelbarrow
31:09 Padded Archer Armor
31:00 Fletching
31:43 Wagenburg Tactics
32:02 Caravan
32:35 Leather Archer Armor
32:16 Bodkin Arrow
33:37 Two-Man Saw
34:25 Conscription
34:19 Houfnice
zero
4:28 Loom
12:06 Feudal Age
12:47 Horse Collar
12:56 Double-Bit Axe
18:24 Castle Age
19:57 Bow Saw
19:49 Heavy Plow
20:07 Scale Mail Armor
20:15 Scale Barding Armor
22:16 Wheelbarrow
22:31 Stone Mining
24:59 Gold Mining
26:10 Coinage
26:22 Hand Cart
31:13 Imperial Age
30:02 Stone Shaft Mining
32:03 Gold Shaft Mining
32:59 Chain Barding Armor
33:12 Banking
33:08 Cavalier
33:51 Husbandry
34:03 Bloodlines
34:48 Plate Barding Armor
34:45 Forging
35:12 Conscription
35:05 Citadels
34:59 Fletching
36:50 Chemistry
36:11 Ballistics
35:54 Kamandaran
37:14 Two-Man Saw
36:49 Crop Rotation
37:12 Hoardings
36:37 Bodkin Arrow
37:21 Iron Casting
37:29 Elite War Elephant
37:34 Savar
39:00 Masonry
44:40 Architecture
54:32 Guilds
61:38 Light Cavalry
434372063
17:40 Feudal Age
20:08 Wheelbarrow
19:24 Double-Bit Axe
20:21 Gold Mining
21:07 Stone Mining
27:13 Castle Age
25:58 Scale Barding Armor
28:44 Bow Saw
30:27 Gold Shaft Mining
32:15 Masonry
32:32 Chain Barding Armor
32:24 Forging
32:57 Hand Cart
36:33 Imperial Age
34:30 Husbandry
37:22 Cavalier
41:09 Fortified Wall
55:10 Loom
56:32 Town Watch
sonsehzadee
9:30 Loom
12:41 Feudal Age
16:18 Double-Bit Axe
19:06 Castle Age
18:57 Fishing Lines
19:02 Horse Collar
19:16 Stone Mining
19:20 Gold Mining
21:24 Gillnets
21:38 Heavy Plow
23:28 Wheelbarrow
24:27 Bow Saw
26:22 Hand Cart
26:16 Caravan
30:11 Gold Shaft Mining
30:12 Stone Shaft Mining
30:13 Coinage
32:46 Imperial Age
32:53 Onager
34:28 Conscription
33:53 Elite Konnik
35:57 Scale Barding Armor
36:03 Forging
38:08 Chain Barding Armor
38:24 Iron Casting
LRNI_TUNAK TUNAK OLAF ROJO
3:43 Loom
11:42 Feudal Age
12:56 Double-Bit Axe
14:06 Wheelbarrow
14:25 Horse Collar
22:25 Castle Age
22:34 Gold Mining
24:26 Bow Saw
24:37 Hand Cart
24:18 Fletching
25:42 Gold Shaft Mining
26:18 Stone Mining
29:25 Heavy Plow
30:05 Bodkin Arrow
34:10 Yeomen
39:27 Imperial Age
37:06 Pikeman
37:50 Squires
38:05 Forging
37:58 Padded Archer Armor
38:51 Gambesons
42:39 Chemistry
43:31 Elite Longbowman
48:56 Iron Casting
48:37 Leather Archer Armor
48:23 Bracer
48:14 Elite Longbowman
53:38 Halberdier
59:23 Warwolf
59:32 Heated Shot
60:05 Ballistics
yuuuu
16:11 Feudal Age
17:16 Double-Bit Axe
17:14 Horse Collar
18:19 Wheelbarrow
17:54 Stone Mining
22:40 Castle Age
24:45 Bow Saw
24:37 Heavy Plow
25:05 Hand Cart
25:34 Stone Shaft Mining
30:52 Gold Mining
33:41 Imperial Age
31:55 Husbandry
31:15 Light Cavalry
32:08 Bloodlines
32:07 Scale Barding Armor
32:13 Forging
33:24 Iron Casting
33:09 Chain Barding Armor
34:54 Crop Rotation
33:48 Winged Hussar
34:50 Lechitic Legacy
34:50 Conscription
36:23 Blast Furnace
38:18 Onager
50:25 Scale Mail Armor
50:25 Padded Archer Armor
50:16 Fletching
50:32 Pikeman
51:12 Squires
51:02 Arson
54:06 Chain Mail Armor
54:06 Leather Archer Armor
53:47 Bodkin Arrow
58:22 Plate Mail Armor
57:53 Bracer
fish940428
12:42 Feudal Age
13:09 Double-Bit Axe
21:35 Castle Age
20:31 Wheelbarrow
19:53 Gold Mining
21:18 Scale Barding Armor
23:26 Horse Collar
33:38 Imperial Age
31:25 Stone Mining
32:26 Bow Saw
32:32 Heavy Plow
33:12 Hand Cart
34:03 Ballistics
36:30 Chemistry
36:34 Two-Man Saw
37:52 Elite Organ Gun
38:40 Caravan
44:12 Guilds
49:06 Conscription
Connection lost

Rejoining the realm…

Still unreachable

The connection could not be restored.

Session expired

The server has moved on; the page needs a fresh start.